 Dungeon Crawl Stone Soup version 0.19.0-2-gae57169 (webtiles) character file.

56 Patchouli the Covered (level 3, 0/24 HPs)
             Began as a Gargoyle Fighter on Nov 3, 2016.
             Slain by a bullfrog (3 damage)
             ... on level 6 of the Dungeon.
             The game lasted 00:03:07 (354 turns).

Patchouli the Covered (Gargoyle Fighter)             Turns: 354, Time: 00:03:07

Health: 0/24       AC: 10    Str: 20    XL:     3   Next: 97%
Magic:  3/3        EV:  7    Int:  8    God:
Gold:   51         SH:  9    Dex:  9    Spells: 0 memorised, 2 levels left

rFire  . . .     SeeInvis .     a - +0 flail
rCold  . . .     Gourm    .     b - +0 scale mail
rNeg   + . .     Faith    .     c - +0 shield
rPois  ∞         Spirit   .     (no helmet)
rElec  +         Reflect  .     (no cloak)
rCorr  .         Harm     .     (no gloves)
MR     .....                    (no boots)
Stlth  ..........               (no amulet)
                                (no ring)
                                (no ring)

@: no status effects
A: negative energy resistance 1, electricity resistance, unbreathing,
petrification resistance, rot immunity, AC +3
a: no special abilities


You were on level 6 of the Dungeon.
You were not hungry.

You visited 1 branch of the dungeon, and saw 5 of its levels.

You collected 51 gold pieces.

Inventory:

Hand Weapons
 a - a +0 flail (weapon)
Armour
 b - a +0 scale mail (worn)
 c - a +0 shield (worn)
Wands
 e - a wand of iceblast (4/15)
Potions
 d - a potion of might
 j - a potion of magic
Comestibles
 f - 2 bread rations
 g - a slice of pizza
 h - 3 chunks of flesh
 k - 2 fruits


   Skills:
 + Level 3.7 Fighting
 * Level 2.8 Maces & Flails
 + Level 3.8 Armour
 + Level 3.7 Shields


You had 2 spell levels left.
You didn't know any spells.

Dungeon Overview and Level Annotations

Branches:
Dungeon (6/15)
 Temple: D:4-7

Altars:
Elyvilon
Uskayaw


Innate Abilities, Weirdness & Mutations

You are resistant to torment.
Your stone body is resilient. (AC +3)
You are immune to poison.
You resist negative energy. (rN+)
You are resistant to electric shocks. (rElec)
You can survive without breathing.
You are immune to petrification.
You are immune to rotting.


Message History

The centaur shouts!
The centaur wields a shortbow.
The centaur shoots an arrow.
You block the arrow. The orc hits you but does no damage.
You see here an arrow.
Wield which item (- for none, * to show all)? (? for menu, Esc to quit)
Okay, then.
Evoke which item? (* to show all) (? for menu, Esc to quit)
Okay, then.
You thump the orc!
You kill the orc!
The bullfrog hits you.
The centaur shoots an arrow.
The arrow hits you. You block the bullfrog's attack.
You hit something. The bullfrog hits you.
The centaur shoots an arrow.
The arrow hits you!
* * * LOW HITPOINT WARNING * * *
Something hits you but does no damage.
The bullfrog hits you but does no damage.
The centaur shoots an arrow.
You block the arrow.
You miss something. The bullfrog hits you.
You die...

.....................
#..................#
.................#
............5...#
...............##
.......<.......##
................##
...............)F#
...............#@#
...............##.#
...............# ...
.........>.....#
#....
.....$........##
...... .....# #.##..
?c . #.#


You could see a bullfrog, a centaur and a crimson imp.

Vanquished Creatures
  Jessica (D:2)
  An adder (D:2)
  An ooze (D:2)
  A leopard gecko (D:2)
  An orc (D:6)
  A ball python (D:3)
  2 goblins (D:3)
  3 hobgoblins (D:2)
  2 quokkas (D:3)
  2 kobolds (D:3)
15 creatures vanquished.

Notes
Turn   | Place    | Note
-------+----------+-------------------------------------------
     0 | D:1      | Patchouli the Gargoyle Fighter began the quest for the Orb.
     0 | D:1      | Reached XP level 1. HP: 14/14 MP: 1/1
     4 | D:2      | Found a white marble altar of Elyvilon.
     5 | D:2      | Noticed Jessica
    31 | D:2      | Reached XP level 2. HP: 11/19 MP: 2/2
    39 | D:2      | Killed Jessica
    39 | D:2      | Reached XP level 3. HP: 6/23 MP: 3/3
   197 | D:3      | Found a hide-covered altar of Uskayaw.
   310 | D:3      | You fall through a shaft for 2 floors!
   310 | D:5      | Entered Level 5 of the Dungeon
   337 | D:6      | Noticed a bullfrog
   338 | D:6      | Noticed a sky beast
   351 | D:6      | Noticed a centaur
   354 | D:6      | Slain by a bullfrog

Action                   || total
-------------------------++-------
Melee: Flail             ||    59
  Use: Scroll            ||     2
Armor: Scale mail        ||    23
Dodge: Dodged            ||    18
Block: Shield            ||    37
